 Dungeon Crawl Stone Soup version 0.28.0-43-g3370ac3207 (webtiles) character file.

Game seed: 12144529795930999680

2 Descartes the Grasshopper (level 1, -2/9 HPs)
             Began as a Felid Warper on Mar 27, 2022.
             Slain by a frilled lizard (3 damage)
             ... on level 1 of the Dungeon.
             The game lasted 00:00:36 (133 turns).

Descartes the Grasshopper (Felid Warper)             Turns: 133, Time: 00:00:37

Health: -2/9       AC:  1    Str:  7    XL:     1   Next: 25%
Magic:  4/4        EV: 17    Int: 14    God:
Gold:   0          SH:  0    Dex: 15    Spells: 4/4 levels left
                                        Lives:  0   Deaths: 0

rFire   . . .      SeeInvis +     - Unarmed
rCold   . . .      Faith    .   (shield unavailable)
rNeg    . . .      Spirit   .   (armour unavailable)
rPois   .          Reflect  .   (helmet unavailable)
rElec   .          Harm     .   (cloak unavailable)
rCorr   .          Rampage  .   (gloves unavailable)
Will    .....                   (boots unavailable)
Stlth   ++........              (no amulet)
HPRegen 0.03/turn               (no ring)
MPRegen 0.09/turn               (no ring)

@: quick
A: very small, claws 1, fangs 3, see invisible, speed 1, shaggy fur 1, stealthy
paws, no weapons or thrown items, no armour, multi-lived
a: no special abilities


You were on level 1 of the Dungeon.
You visited 1 branch of the dungeon, and saw 1 of its levels.

Inventory:

Scrolls
 a - 2 scrolls of blinking


   Skills:
 - Level 2.0 Fighting
 * Level 3.2 Dodging
 * Level 0.5 Stealth
 * Level 2.0 Unarmed Combat
 - Level 2.0 Spellcasting
 + Level 4.4 Translocations


You had 4 spell levels left.
You didn't know any spells.
Your spell library contained the following spells:

 Spells                   Type           Power      Damage    Failure   Level
 Blink                    Tloc           26%        N/A       6%          2
 Gell's Gravitas          Tloc           13%        N/A       12%         3
 Lesser Beckoning         Tloc           13%        N/A       12%         3
 Teleport Other           Tloc           13%        N/A       12%         3
 Manifold Assault         Tloc           13%        N/A       71%         5


Dungeon Overview and Level Annotations

Branches:
Dungeon (1/15)

Altars:


Innate Abilities, Weirdness & Mutations

You have sharp claws.
You have razor-sharp teeth.
You have supernaturally acute eyesight. (SInv)
You cover ground quickly. (Speed+)
You are covered in fur. (AC +1)
Your paws help you pounce on unaware monsters.
You are incapable of wielding weapons or throwing items.
You cannot wear armour.
You gain extra lives every three experience levels.


Message History

The ball python hisses angrily.
You closely miss the frilled lizard. The frilled lizard barely misses you.
The goblin barely misses you.
You barely miss the frilled lizard. The ball python closely misses you.
The ball python barely misses you. The frilled lizard bites you.
The goblin barely misses you.
You scratch the frilled lizard.
The frilled lizard is heavily wounded.
The ball python bites you. The ball python barely misses you.
The frilled lizard bites you.
* * * LOW HITPOINT WARNING * * *
The goblin misses you.
You are too injured to fight recklessly!
You are too injured to fight recklessly!
You are too injured to fight recklessly!
You are too injured to fight recklessly!
You are too injured to fight recklessly!
You are too injured to fight recklessly!
You are too injured to fight recklessly!
You are too injured to fight recklessly!
You are too injured to fight recklessly!
You are too injured to fight recklessly!
You are too injured to fight recklessly!
You are too injured to fight recklessly!
You are too injured to fight recklessly!
You see here 21 arrows.
An endoplasm comes into view.
The endoplasm moves out of view.
You aren't carrying any potions.
You scratch the ball python. You claw the ball python.
The ball python is severely wounded.
The ball python misses you. The ball python grabs you.
The ball python constricts you.
* * * LOW HITPOINT WARNING * * *
You scratch the ball python.
You kill the ball python!
You closely miss the frilled lizard.
The frilled lizard is heavily wounded.
The frilled lizard bites you.
You die...

.################
.#.#.#.#........#
#.#.#.#.......#.#
.#.#.#....#.#.#.#
#.#.#.#...#.#.#.#
.#<#.#..#.#.#...###
#.#.#.#(..#.....@.#
.#.#.#..#.#...###l#
#.#.#.#.....### #.#
############# #.#
..#....##########.#
#.#.##.##..l......#
..#.##.##.#########
.##.##........#
....#####.###.#


You could see a frilled lizard.

Vanquished Creatures
  A ball python (D:1)
  A frilled lizard (D:1)
2 creatures vanquished.

Notes
Turn   | Place    | Note
-------+----------+-------------------------------------------
     0 | D:1      | Descartes the Felid Warper began the quest for the Orb.
     0 | D:1      | Reached XP level 1. HP: 9/9 MP: 4/4
   133 | D:1      | Slain by a frilled lizard

Illustrated notes

Levels and vault maps discovered:
D:1:      lightli_arrival_chessboard, layout_basic,
          shapermc_ecumenical_altar_rom_forum, chequers_serial_rivers_small_a

Action                   || total
-------------------------++-------
Melee: Unarmed           ||     8
       Punch             ||     1
Dodge: Dodged            ||    10
